 Dungeon Crawl Stone Soup version 0.18-a0-1273-g8ec5f8e (webtiles) character file.

565 Gagarin the Charmwright (level 7, -5/46 HPs)
             Began as a High Elf Skald on Feb 7, 2016.
             Was an Initiate of the Shining One.
             Killed from afar by an orc wizard (9 damage)
             ... with a puff of frost
             ... on level 5 of the Dungeon.
             The game lasted 00:13:26 (4393 turns).

Gagarin the Charmwright (High Elf Skald)            Turns: 4393, Time: 00:13:27

Health: -5/46      AC:  6    Str: 10 (11) XL:     7   Next: 10%
Magic:  13/13      EV: 13    Int: 15 (16) God:    the Shining One [......]
Gold:   52         SH:  0    Dex: 14 (17) Spells: 2 memorised, 9 levels left

rFire  . . .     SeeInvis .     a - +0 falchion
rCold  . . .     Gourm    .     b - +0 leather armour
rNeg   . . .     Faith    .     (no shield)
rPois  .         Spirit   .     g - +2 hat
rElec  .         Dismiss  .     l - +0 cloak
rCorr  .         Reflect  .     (no gloves)
SustAt .         Harm     .     (no boots)
MR     .....                    (no amulet)
Stlth  ++........               (no ring)
                                (no ring)

@: not resistant to hostile enchantments, unstealthy
A: no striking features
a: Renounce Religion


You were on level 5 of the Dungeon.
You worshipped the Shining One.
The Shining One was noncommittal.
You were not hungry.

You visited 1 branch of the dungeon, and saw 5 of its levels.

You collected 52 gold pieces.

Inventory:

Hand Weapons
 a - a +0 falchion (weapon)
 u - a +1 short sword of venom
 w - a +0 short sword of draining
Missiles
 o - 101 arrows
Armour
 b - a +0 leather armour (worn)
 g - a +2 hat (worn)
 l - a +0 cloak (worn)
Scrolls
 e - a scroll of random uselessness {unknown}
 i - a scroll of remove curse {unknown}
 m - 2 scrolls of teleportation {unknown}
 n - 3 scrolls of immolation {unknown}
 p - a scroll of enchant weapon {unknown}
 s - a scroll of fear {unknown}
Potions
 f - 2 potions of might
 k - a potion of invisibility {unknown}
 q - a potion of brilliance {unknown}
 t - a potion of agility {unknown}
 v - 2 potions of degeneration
 x - a potion of flight {unknown}
Books
 c - a book of Battle

   Spells                             Type                      Level
   a - Infusion                       Charms                       1
   b - Shroud of Golubria             Charms/Translocation         2
   c - Song of Slaying                Charms                       2
   d - Spectral Weapon                Hexes/Charms                 3
   e - Regeneration                   Charms/Necromancy            3
Comestibles
 d - 3 bread rations
 r - a meat ration


   Skills:
 + Level 3.2 Fighting
 + Level 4.4 Long Blades
 + Level 2.5 Armour
 + Level 4.2 Dodging
 + Level 1.4 Stealth
 + Level 3.5 Spellcasting
 + Level 5.0 Charms
 - Level 0.1 Necromancy


You had 9 spell levels left.
You knew the following spells:

 Your Spells              Type           Power        Failure   Level  Hunger
a - Infusion              Chrm           ###.         3%          1    None
b - Regeneration          Chrm/Necr      ##........   30%         3    ###....


Dungeon Overview and Level Annotations

Branches:
Dungeon (5/15)             Temple (0/1) D:4

Altars:
Ashenzari
Dithmenos
Elyvilon
Makhleb
Okawaru
Pakellas
The Shining One

Annotations:
D:4 Eustachio


Message History

Something smites you!
* * * LOW HITPOINT WARNING * * *
The orc wizard gestures wildly while chanting.
The orc wizard seems to speed up.
Drink which item? (? for menu, Esc to quit)
It was a potion of degeneration.
There was something very wrong with that liquid.
You feel weakened.
You feel dopey.
You feel clumsy.
Drink which item? (? for menu, Esc to quit)
Why would you want to do that?
Drink which item? (? for menu, Esc to quit)
Okay, then.
The orc wizard casts a spell at you. The puff of flame hits you!
* * * LOW HITPOINT WARNING * * *
Drink which item? (? for menu, Esc to quit)
It was a potion of cancellation.
You feel magically purged.
The orc wizard gestures at you while chanting.
The puff of frost hits you!
You die...

#########.###
#.#[.####
#.......#...#
#.#.##..#
##.#####.###.#
#.#.##..# (..#.....#
#.########.#.###'#
...#.#####
#..........#..)..#
...#.#...#
################.###
...#.###.#
#.................#
...#.....#
#.#..##############
...##########...@#
......#......###.#
.o...........# #o#
#............###o#
............oo...#
#######......#####
##...........#
.#.##........#
.#.###########


You could see an orc wizard and an orc.

Vanquished Creatures
  A sky beast (D:5)
  An ogre (D:5)
  A scorpion (D:4)
  2 crimson imps
  A hound (D:4)
  A worker ant (D:5)
  2 worker ant zombies (D:5)
  11 adders
  A shadow imp (D:5)
  4 worms
  3 giant geckos
  2 orcs
  3 giant cockroaches
  11 goblins
  6 hobgoblins
  8 jackals
  5 kobolds
  2 quokkas
  2 ball pythons
  7 bats
  4 giant newts
  12 rats
90 creatures vanquished.

Notes
Turn   | Place    | Note
--------------------------------------------------------------
     0 | D:1      | Gagarin the High Elf Skald began the quest for the Orb.
     0 | D:1      | Reached XP level 1. HP: 14/14 MP: 4/4
    76 | D:1      | Reached skill level 4 in Charms
   185 | D:1      | Reached XP level 2. HP: 16/19 MP: 6/6
   357 | D:1      | Reached skill level 1 in Armour
   944 | D:2      | Found a white marble altar of Elyvilon.
  1004 | D:2      | Reached XP level 3. HP: 17/24 MP: 7/7
  1012 | D:2      | Learned a level 3 spell: Regeneration
  1975 | D:2      | Found a burning altar of Makhleb.
  2081 | D:3      | Reached XP level 4. HP: 30/30 MP: 9/9
  2380 | D:3      | Reached XP level 5. HP: 28/35 MP: 7/10
  2991 | D:4      | Found a shattered altar of Ashenzari.
  3101 | D:4      | Found a glowing golden altar of the Shining One.
  3101 | D:4      | Found an iron altar of Okawaru.
  3124 | D:4      | Became a worshipper of the Shining One
  3127 | D:4      | Found a shadowy altar of Dithmenos.
  3131 | D:4      | Found an oddly glowing altar of Pakellas.
  3161 | D:4      | Found a staircase to the Ecumenical Temple.
  3162 | D:4      | Noticed Eustachio
  3247 | D:4      | Reached XP level 6. HP: 36/41 MP: 11/11
  3389 | D:5      | Entered Level 5 of the Dungeon
  3389 | D:5      | Noticed a sky beast
  3396 | D:5      | Killed a sky beast
  3724 | D:5      | Reached skill level 5 in Charms
  3968 | D:5      | Reached skill level 1 in Stealth
  4078 | D:5      | Reached XP level 7. HP: 42/46 MP: 13/13
  4393 | D:5      | Killed from afar by an orc wizard

Vault maps used:
D:1:      dpeg_arrival_subterranean_lakeside_camping
D:2:      elyvilon_altar_5, lightli_temple_of_fire, kennysheep_generic_room_13
D:3:      first_bread
D:4:      minmay_overflow_temple_star_hex, kennysheep_little_box,
          minmay_temple_entry_purple_smoke, grunt_ministairs_2,
          saegor_snake_ambush, uniq_eustachio
D:5:      serial_shops, shop, minmay_bad_closet, uniq_pikel

Action                   |  1- 3 |  4- 6 |  7- 9 || total
-------------------------+-------+-------+-------++-------
Melee: Falchion          |   118 |   219 |    20 ||   357
 Cast: Infusion          |     3 |    11 |     1 ||    15
       Regeneration      |     3 |     1 |       ||     4
  Use: Potion            |       |     5 |     2 ||     7
 Stab: Sleeping          |     1 |     2 |       ||     3
  Eat: Chunk             |     4 |     5 |     2 ||    11
       Beef jerky        |       |     1 |       ||     1
